 Dungeon Crawl Stone Soup version 0.27-a0-1579-g97d2440184 (webtiles) character file.

Game seed: 5098427297556617783

331 MovingMist the Skirmisher (level 6, -4/39 HPs)
             Began as a Gargoyle Fighter on July 17, 2021.
             Slain by a bullfrog (6 damage)
             ... on level 7 of the Dungeon.
             The game lasted 00:06:00 (3481 turns).

MovingMist the Skirmisher (Gargoyle Fighter)        Turns: 3481, Time: 00:06:00

Health: -4/39      AC: 14    Str: 19    XL:     6   Next: 52%
Magic:  6/6        EV:  6    Int:  9    God:
Gold:   113        SH:  9    Dex: 11    Spells: 2/5 levels left

rFire    . . .     SeeInvis .   a - +0 flail
rCold    . . .     Faith    .   c - +0 kite shield
rNeg     + . .     Spirit   .   f - +0 chain mail
rPois    ∞         Reflect  .   (no helmet)
rElec    +         Harm     .   (no cloak)
rCorr    .         Rampage  .   (no gloves)
Will     .....                  (no boots)
Stlth    ..........             (no amulet)
HPRegen  0.13/turn              (no ring)
MPRegen  0.10/turn              (no ring)

@: no status effects
A: sickness immunity, AC +4, negative energy resistance 1, electricity
resistance, torment resistance 1, petrification resistance
a: no special abilities


You were on level 7 of the Dungeon.
You visited 1 branch of the dungeon, and saw 5 of its levels.

You collected 113 gold pieces.

Inventory:

Hand Weapons
 a - a +0 flail (weapon)
Armour
 c - a +0 kite shield (worn)
 f - a +0 chain mail (worn)
Wands
 o - a wand of flame (25)
 q - a wand of iceblast (17)
Scrolls
 b - a scroll of holy word
 g - a scroll of vulnerability {unknown}
 h - a scroll of enchant weapon {unknown}
 j - a scroll of amnesia {unknown}
 n - a scroll of teleportation {unknown}
Potions
 d - 3 potions of might
 e - a potion of attraction
 i - 2 potions of haste
 k - 2 potions of magic {unknown}
 l - a potion of degeneration {unknown}
 m - a potion of brilliance {unknown}
 p - a potion of flight {unknown}


   Skills:
 + Level 4.5 Fighting
 + Level 3.4 Maces & Flails
 + Level 4.4 Armour
 * Level 3.1 Dodging
 - Level 3.3 Shields


You had 2 spell levels left.
You knew the following spells:

 Your Spells              Type           Power      Damage    Failure   Level
a - Confusing Touch       Hex            0%         N/A       100%        3

Your spell library contained the following spells:

 Spells                   Type           Power      Damage    Failure   Level
 Slow                     Hex            0%         N/A       100%        2
 Tukima's Dance           Hex            0%         N/A       100%        3
 Passage of Golubria      Tloc           N/A        N/A       100%        4
 Yara's Violent Unravell  Hex/Tmut       0%         3d3       100%        5


Dungeon Overview and Level Annotations

Branches:
Dungeon (4/15)
 Temple: D:4-7

Altars:
Sif Muna
Xom
Yredelemnul

Annotations:
D:4 2 transporters, EatSleepCrawl's ghost, novice MiBe


Innate Abilities, Weirdness & Mutations

You are immune to sickness and miasma.
Your stone body is resilient. (AC +4)
You are immune to poison.
You resist negative energy. (rN+)
You are resistant to electric shocks. (rElec)
You are resistant to unholy torment.
You are immune to petrification.


Message History

The bullfrog hits you but does no damage.
The bullfrog hits you.
* * * LOW HITPOINT WARNING * * *
You miss the bullfrog.
The bullfrog is moderately wounded.
The bullfrog barely misses you.
The bullfrog hits you but does no damage.
You barely miss the bullfrog.
The bullfrog is moderately wounded.
The bullfrog swells and bulges.
The bullfrog barely misses you.
The bullfrog hits you but does no damage.
You hit the bullfrog but do no damage.
The bullfrog is moderately wounded.
The bullfrog hits you but does no damage.
The bullfrog hits you.
* * * LOW HITPOINT WARNING * * *
You sock the bullfrog!
The bullfrog is almost dead.
The bullfrog hits you but does no damage.
The bullfrog barely misses you. You block the bullfrog's attack.
You barely miss the bullfrog.
The bullfrog is almost dead.
You block the bullfrog's attack.
The bullfrog hits you but does no damage.
You hit the bullfrog.
The bullfrog is almost dead.
The bullfrog hits you.
* * * LOW HITPOINT WARNING * * *
The bullfrog hits you.
* * * LOW HITPOINT WARNING * * *
You closely miss the bullfrog.
The bullfrog is almost dead.
The bullfrog hits you but does no damage. x2
You closely miss the bullfrog.
The bullfrog is almost dead.
The bullfrog hits you.
* * * LOW HITPOINT WARNING * * *
The bullfrog hits you.
You die...

###.......5..
##.#.#.# .#.#
##.#..#.##.#.#
...###............#
........#..##.#.###
...####oo.5##.#.#
####o.....#
####.### #.@F)#
#.#### #. #. #. ##


You could see a bullfrog.

Vanquished Creatures
  A bullfrog (D:7)
  A scorpion (D:3)
  A jelly (D:4)
  An iguana (D:3)
  3 adders
  A shadow imp (D:7)
  An adder skeleton (D:4)
  3 worms
  3 dart slugs
  9 orcs
  5 ball pythons
  8 endoplasms
  3 giant cockroaches
  14 goblins
  11 hobgoblins
  2 quokkas
  6 bats
  6 kobolds
  11 rats
  A spectral goblin (D:1)
91 creatures vanquished.

Notes
Turn   | Place    | Note
-------+----------+-------------------------------------------
     0 | D:1      | MovingMist the Gargoyle Fighter began the quest for the
                  | Orb.
     0 | D:1      | Reached XP level 1. HP: 14/14 MP: 1/1
    86 | D:1      | Reached XP level 2. HP: 16/19 MP: 2/2
   380 | D:1      | Found a faded altar of an unknown god.
   451 | D:1      | Reached skill level 1 in Dodging
   712 | D:1      | Reached XP level 3. HP: 23/23 MP: 3/3
  1445 | D:2      | Reached XP level 4. HP: 12/29 MP: 4/4
  1654 | D:2      | Found a basalt altar of Yredelemnul.
  1897 | D:2      | Learned a level 3 spell: Confusing Touch
  2222 | D:3      | Noticed a scorpion
  2228 | D:3      | Killed a scorpion
  2229 | D:3      | Reached XP level 5. HP: 33/33 MP: 5/5
  2248 | D:3      | Found a shimmering blue altar of Sif Muna.
  3111 | D:4      | Found a transporter.
  3114 | D:4      | Found a transporter.
  3114 | D:4      | Noticed EatSleepCrawl's ghost (novice MiBe)
  3116 | D:4      | Noticed an orc warrior
  3247 | D:4      | Found a shimmering altar of Xom.
  3282 | D:4      | Reached XP level 6. HP: 32/39 MP: 6/6
  3413 | D:4      | You fall into a shaft and drop 3 floors!
  3481 | D:7      | Slain by a bullfrog

Illustrated notes

Levels and vault maps discovered:
D:1:      dpeg_arrival_fog, layout_loops_ring,
          dreamdust_ecumenical_altar_drowned_temple, serial_bayou_crossing
D:2:      layout_loops_cross, basic_altar, minmay_pentomino_pile
D:3:      layout_rooms, mainiacjoe_overflow_alcove_1, minmay_misc_feat_encased,
          chequers_garden
D:4:      cheibrodos_quashed, layout_gridville, old_standard_altar,
          minmay_temple_entry_ruins, gammafunk_ghost_arena
D:7:      layout_loops_cross, minmay_fountain_box, kennysheep_donut

Skill      XL: |  1  2  3  4  5  6 |
---------------+-------------------+-----
Dodging        | 1 2 3 |  3.1
Fighting       | 4 |  4.5
Armour         | 4 |  4.4
Maces & Flails | 3 |  3.4
Shields        | |  3.3

Action                   |  1- 3 |  4- 6 || total
-------------------------+-------+-------++-------
Melee: Flail             |   163 |   193 ||   356
  Use: Scroll            |       |     3 ||     3
Armor: Scale mail        |    16 |       ||    16
       Chain mail        |    99 |   127 ||   226
Dodge: Dodged            |    40 |    57 ||    97
Block: Kite shield       |    93 |   101 ||   194

Table legend: (Time is in decaauts)
 A = Elapsed time spent in this place.
 B = Non-inter-level travel time spent in this place.
 C = Inter-level travel time spent in this place.
 D = Time resting spent in this place.
 E = Time spent auto-exploring this place.
 F = Levels seen in this place.
 G = Mean time per level.
                   A        B        C        D        E       F      G
               +--------+--------+--------+--------+--------+-----+--------+
         Total |   3672 |   3607 |     65 |    399 |   2317 |   5 |  734.4 |
       Dungeon |   3672 |   3607 |     65 |    399 |   2317 |   5 |  734.4 |
               +--------+--------+--------+--------+--------+-----+--------+

Top non-repeatable levels by time:
     D:1: 1250 daAuts
     D:2: 1084 daAuts
     D:3: 846 daAuts
     D:4: 398 daAuts
     D:7: 91 daAuts
